 Dungeon Crawl Stone Soup version 0.26.0-18-gc5c842f807 (webtiles) character file.

Game seed: 4801011574456917329

107 thiole the Sneak (level 4, 0/27 HPs)
             Began as an Octopode Hedge Wizard on Jan 23, 2021.
             Succumbed to an adder's poison
             ... on level 3 of the Dungeon.
             The game lasted 00:03:01 (2981 turns).

thiole the Sneak (Octopode Hedge Wizard)            Turns: 2981, Time: 00:03:02

Health: 0/27       AC:  1    Str:  6 (9)  XL:     4   Next: 85%
Magic:  8/9        EV: 13    Int: 14 (17) God:
Gold:   236        SH:  0    Dex:  9 (11) Spells: 2/10 levels left

rFire    . . .     SeeInvis .   a - +0 dagger
rCold    . . .     Faith    .   (no shield)
rNeg     . . .     Spirit   .   b - +0 hat
rPois    .         Reflect  .   (no amulet)
rElec    .         Harm     .   k - ring of flight
rCorr    .         Rampage  .   (no ring)
Will     .....                  (no ring)
Stlth    +++.......             (no ring)
HPRegen  0.09/turn              (no ring)
MPRegen  0.11/turn              (no ring)
                                (no ring)
                                (no ring)

@: lethally poisoned (0 -> -9), about to teleport, attractive, flying
A: almost no armour, stealthy swim, amphibious, 8 rings, constrict 8, camouflage
1, gelatinous body 1
a: no special abilities


You were on level 3 of the Dungeon.
You visited 1 branch of the dungeon, and saw 3 of its levels.

You collected 236 gold pieces.

Inventory:

Hand Weapons
 a - a +0 dagger (weapon)
Armour
 b - a +0 hat (worn)
Jewellery
 k - a ring of flight (left tentacle)
Scrolls
 c - a scroll of remove curse {unknown}
 d - a scroll of identify
 f - a scroll of blinking {unknown}
 g - a scroll of enchant weapon {unknown}
 h - a scroll of teleportation
Potions
 e - a potion of attraction
 j - a potion of degeneration


   Skills:
 - Level 2.1 Dodging
 + Level 4.1 Stealth
 + Level 3.5 Spellcasting
 + Level 2.1 Conjurations
 - Level 2.0 Summonings
 - Level 1.2 Translocations
 * Level 1.0 Air Magic


You had 2 spell levels left.
You knew the following spells:

 Your Spells              Type           Power        Failure   Level
a - Magic Dart            Conj           32%          9%          1
b - Call Imp              Summ           8%           14%         2
c - Blink                 Tloc           N/A          19%         2
d - Mephitic Cloud        Conj/Pois/Air  5%           36%         3

Your spell library contained the following spells:

 Spells                   Type           Power        Failure   Level
 Slow                     Hex            2%           30%         2
 Conjure Flame            Conj/Fire      5%           36%         3


Dungeon Overview and Level Annotations

Branches:
Dungeon (3/15)

Altars:
Xom


Innate Abilities, Weirdness & Mutations

You cannot wear most types of armour.
You are very stealthy in the water. (Stealth+)
You are amphibious.
You can wear up to eight rings at the same time.
You can use your tentacles to constrict eight enemies at once.
Your skin changes colour to match your surroundings (Stealth+).
Your rubbery body absorbs attacks. (AC +1, EV +1)


Message History

You kill the adder!
* * * LOW HITPOINT WARNING * * *
You feel sick.
Your Air Magic skill increases to level 1!
It was a potion of degeneration.
There was something very wrong with that liquid.
You feel weakened.
You feel dopey.
You feel clumsy.
* * * LOW HITPOINT WARNING * * *
You feel sick.
It was a potion of flight.
You feel very buoyant.
You fly up into the air.
* * * LOW HITPOINT WARNING * * *
You feel sick.
As you read the scroll labelled SASEIC FUISUURO, it crumbles to dust.
You feel strangely unstable.
It was a scroll of teleportation.
* * * LOW HITPOINT WARNING * * *
You feel sick.
Found 8 stones and a dark potion.
You die...

#......#..... ....
#....###[.... .#.#
..# #....###.....
#.#.# #.#
#............ #.#!#
#.######.####..... #.
#[#(# #........#
#..[.. #..
#?#.##........#
###### #..#
#.#.#........# ...#
#)#.@...<...#
#..#####..........#
#......(.........#
#.#.#...#........#
#......##........#
#####..##.###.####
#..##.. ..#
#..##################
#...................#


There were no monsters in sight!

Vanquished Creatures
  5 adders
  2 oozes
  A dart slug (D:3)
  4 orcs (D:3)
  2 giant cockroaches (D:1)
  4 goblins
  5 hobgoblins
  2 jackals (D:2)
  7 kobolds
  A ball python (D:1)
  8 bats
  6 frilled lizards
  3 rats
50 creatures vanquished.

Vanquished Creatures (others)
  3 toadstools (D:1)
3 creatures vanquished.

Grand Total: 53 creatures vanquished

Notes
Turn   | Place    | Note
-------+----------+-------------------------------------------
     0 | D:1      | thiole the Octopode Hedge Wizard began the quest for the
                  | Orb.
     0 | D:1      | Reached XP level 1. HP: 11/11 MP: 4/4
   392 | D:1      | Reached XP level 2. HP: 16/17 MP: 0/6
   545 | D:1      | Reached skill level 3 in Stealth
   893 | D:1      | Reached XP level 3. HP: 21/21 MP: 2/7
  2059 | D:2      | Reached XP level 4. HP: 27/27 MP: 2/8
  2324 | D:2      | Found a shimmering altar of Xom.
  2600 | D:3      | Learned a level 2 spell: Call Imp
  2603 | D:3      | Learned a level 2 spell: Blink
  2607 | D:3      | Learned a level 3 spell: Mephitic Cloud
  2969 | D:3      | Reached skill level 4 in Stealth
  2977 | D:3      | Reached skill level 1 in Air Magic
  2980 | D:3      | HP: 1/27 [poisoned by an adder]
  2981 | D:3      | Succumbed to an adder's poison

Illustrated notes

Levels and vault maps discovered:
D:1:      dpeg_arrival_stone_temple_mockup, layout_loops_ring,
          serial_co_window_serial, co_window_corner_a,
          co_window_of_opportunity_a, co_window_corner_a, co_window_corner_a,
          co_window_of_opportunity_a, co_window_corner_a, co_window_2corner,
          co_window_2corner, minmay_gold_behind_fungi, minivault_25,
          minmay_cut_off
D:2:      layout_basic, overflow_temple_1_default
D:3:      layout_basic, minmay_circle_x

Skill      XL: |  1  2  3  4 |
---------------+-------------+-----
Stealth        | 3 4 |  4.1
Conjurations   | 2 |  2.1
Summonings     | 2 |  2.0
Air Magic      | 1 |  1.0
Dodging        | |  2.1
Spellcasting   | |  3.5
Translocations | |  1.2

Action                   |  1- 3 |  4- 6 || total
-------------------------+-------+-------++-------
Melee: Dagger            |    20 |    31 ||    51
       Constrict         |     6 |     7 ||    13
       Tentacles         |     2 |     5 ||     7
 Cast: Magic Dart        |    86 |    14 ||   100
  Use: Scroll            |     1 |     1 ||     2
       Potion            |       |     3 ||     3
 Stab: Sleeping          |       |     1 ||     1
Armor: Skin              |     4 |     4 ||     8
Dodge: Dodged            |    29 |     7 ||    36
